 Dungeon Crawl Stone Soup version 0.29.1-12-g30fa7ad0bf (webtiles) character file.

Game seed: 9628748941893856364

26 booth the Chopper (level 2, 0/22 HPs)
             Began as a Demonspawn Gladiator on Dec 31, 2022.
             Slain by a gnoll
             ... wielding a +0 spear
              (8 damage)
             ... on level 1 of the Dungeon.
             The game lasted 00:02:45 (391 turns).

booth the Chopper (Demonspawn Gladiator)             Turns: 391, Time: 00:02:46

Health: 0/22       AC:  5    Str: 14    XL:     2   Next: 89%
Magic:  2/2        EV: 12    Int:  9    God:
Gold:   38         SH:  0    Dex: 14    Spells: 1/1 levels left

rFire   . . .      SeeInvis .   a - +0 war axe
rCold   . . .      Faith    .   (no shield)
rNeg    . . .      Spirit   .   b - +1 leather armour
rPois   .          Reflect  .   c - +0 helmet
rElec   .          Harm     .   (no cloak)
rCorr   .          Rampage  .   (no gloves)
Will    .....                   (no boots)
Stlth   +.........              (no amulet)
HPRegen 0.07/turn               (no ring)
MPRegen 0.08/turn               (no ring)

@: no status effects
A: powered by pain 1
a: no special abilities


You were on level 1 of the Dungeon.
You visited 1 branch of the dungeon, and saw 1 of its levels.

You collected 38 gold pieces.

Inventory:

Hand Weapons
 a - a +0 war axe (weapon)
Missiles
 d - 3 throwing nets (quivered)
Armour
 b - a +1 leather armour (worn)
 c - a +0 helmet (worn)
Potions
 f - a potion of curing {unknown}
 g - a potion of berserk rage {unknown}
 h - a potion of degeneration {unknown}


   Skills:
 + Level 2.1 Fighting
 + Level 3.2 Axes
 + Level 2.0 Throwing
 + Level 3.1 Dodging


You had one spell level left.
You didn't know any spells.
Your spell library was empty.

Dungeon Overview and Level Annotations

Branches:
Dungeon (1/15)

Altars:


Innate Abilities, Weirdness & Mutations

You sometimes gain a little power by taking damage.


Message History

The endoplasm misses your ball python.
Your ball python barely misses the endoplasm.
You closely miss the jackal. The jackal barely misses you.
The endoplasm hits your ball python.
Your ball python dies!
Your ball python's corpse dissolves into shadows!
The jackal bites you but does no damage.
You hit the jackal but do no damage.
The jackal bites you but does no damage. x2
Throw: javelin
Press: ? - help, Q - select action, (/) - cycle Shift-Dir - straight line, f - jackal
Aim: a jackal (51% to hit)
You throw a javelin. The javelin closely misses the jackal.
The javelin pierces through the jackal!
You kill the jackal!
The javelin pierces through the gnoll!
The gnoll is almost dead.
The jackal closely misses you.
The jackal bites you but does no damage.
You miss the jackal.
The jackal bites you but does no damage.
The gnoll hits you but does no damage.
The jackal bites you but does no damage.
You barely miss the jackal. The gnoll completely misses you.
The jackal bites you.
A jackal comes into view.
The gnoll hits you from afar with a +0 spear.
The jackal closely misses you.
You barely miss the jackal. The jackal closely misses you.
The gnoll barely misses you.
The jackal barks!
You slash the jackal!
You kill the jackal!
The gnoll hits you from afar with a +0 spear.
Your Throwing skill increases to level 2!
The gnoll closely misses you.
You closely miss the gnoll.
The gnoll is almost dead.
The gnoll hits you with a +0 spear!
You die...

## #### #. .....###
#. ####......# #.
.. #.. ...#
#.#.#)#.. ..#
#...#.#.####.#
####....#.#....#
#.@gJ...(.#†##†#
#.##h####...##.#
...#.##...S...###.#
...#.########.#
#.#### ......
...... .>..# #....#
#.##.######....#
#.### ####.#
#.#............# #.
#.#
#.#............# #.
#.#
#.#............#
#.# #.#


You could see a gnoll, an endoplasm and a jackal.

Vanquished Creatures
  4 dart slugs (D:1)
  A ball python (D:1)
  An endoplasm (D:1)
  A hobgoblin (D:1)
  2 jackals (D:1)
  A kobold (D:1)
  2 quokkas (D:1)
  3 rats (D:1)
15 creatures vanquished.

Vanquished Creatures (collateral kills)
  A quokka (D:1)
  A rat (D:1)
2 creatures vanquished.

Grand Total: 17 creatures vanquished

Notes
Turn   | Place    | Note
-------+----------+-------------------------------------------
     0 | D:1      | booth the Demonspawn Gladiator began the quest for the Orb.
     0 | D:1      | Reached XP level 1. HP: 16/16 MP: 1/1
    82 | D:1      | Gained mutation: You sometimes gain a little power by
                  | taking damage. [demonic ancestry]
    82 | D:1      | Reached XP level 2. HP: 16/22 MP: 2/2
   391 | D:1      | Slain by a gnoll

Illustrated notes

Levels and vault maps discovered:
D:1:      matt_arrival_diagonals, layout_basic, shapermc_ecumenical_altar_ellora

Skill      XL: |  1  2 |
---------------+-------+-----
Axes           | 3 |  3.2
Dodging        | 3 |  3.1
Throwing       | 2 |  2.0
Fighting       | |  2.1

Action                   || total
-------------------------++-------
Melee: War axe           ||    33
Throw: Javelin           ||     1
  Use: Scroll            ||     2
Armor: Leather armour    ||    11
Dodge: Dodged            ||    32
